 Dungeon Crawl Stone Soup version 0.26.1-11-gd32895ea62 (webtiles) character file.

Game seed: 6064383175984697451

142 Almogavar the Cudgeller (level 5, -1/40 HPs)
             Began as a Gnoll Wanderer on May 2, 2021.
             Killed from afar by an orc wizard (5 damage)
             ... with a magic dart
             ... on level 3 of the Dungeon.
             The game lasted 00:09:21 (2672 turns).

Almogavar the Cudgeller (Gnoll Wanderer)            Turns: 2672, Time: 00:09:22

Health: -1/40      AC:  3    Str: 13    XL:     5   Next: 25%
Magic:  5/9        EV: 11    Int: 18    God:
Gold:   76         SH:  0    Dex: 13    Spells: 9/10 levels left

rFire    . . .     SeeInvis .   a - +2 mace
rCold    . . .     Faith    .   (no shield)
rNeg     . . .     Spirit   .   m - +0 leather armour (curse)
rPois    .         Reflect  +   (no helmet)
rElec    .         Harm     .   (no cloak)
rCorr    .         Rampage  .   (no gloves)
Will     .....                  (no boots)
Stlth    +.........             b - amulet of reflection
HPRegen  0.13/turn              n - ring of flight
MPRegen  0.11/turn              (no ring)

@: confused
A: distributed training, fangs 1, strong nose
a: Evoke Flight


You were on level 3 of the Dungeon.
You visited 1 branch of the dungeon, and saw 3 of its levels.

You collected 76 gold pieces.

Inventory:

Hand Weapons
 a - a +2 mace (weapon)
Missiles
 e - 56 stones
Armour
 m - a cursed +0 leather armour (worn)
 p - a +0 chain mail
Jewellery
 b - an amulet of reflection (around neck)
 n - a ring of flight (left hand)
Scrolls
 g - 2 scrolls of remove curse
 h - a scroll of teleportation
 i - a scroll of enchant weapon
 j - a scroll of magic mapping {unknown}
 k - a scroll of blinking {unknown}
 q - 2 scrolls of enchant armour {unknown}
Potions
 c - a potion of lignification
 d - a potion of might
 f - a potion of cancellation {unknown}
 l - a potion of ambrosia {unknown}
 o - a potion of haste {unknown}
 r - a potion of brilliance {unknown}
 s - 2 potions of heal wounds


   Skills:
 + Level 2.9 Fighting
 + Level 1.4 Short Blades
 + Level 1.4 Long Blades
 + Level 1.4 Axes
 + Level 6.7 Maces & Flails
 + Level 1.4 Polearms
 + Level 1.4 Staves
 + Level 1.4 Slings
 + Level 1.4 Bows
 + Level 1.4 Crossbows
 + Level 2.9 Throwing
 + Level 2.9 Armour
 + Level 1.4 Dodging
 + Level 2.7 Stealth
 + Level 1.4 Shields
 + Level 1.4 Unarmed Combat
 + Level 3.1 Spellcasting
 + Level 1.1 Conjurations
 + Level 1.1 Hexes
 + Level 1.1 Summonings
 + Level 1.1 Necromancy
 + Level 1.1 Translocations
 + Level 3.9 Transmutations
 + Level 1.1 Fire Magic
 + Level 1.1 Ice Magic
 + Level 1.1 Air Magic
 + Level 1.1 Earth Magic
 + Level 1.1 Poison Magic
 + Level 1.6 Invocations
 + Level 1.4 Evocations


You had 9 spell levels left.
You knew the following spells:

 Your Spells              Type           Power        Failure   Level
a - Foxfire               Conj/Fire      28%          13%         1

Your spell library contained the following spells:

 Spells                   Type           Power        Failure   Level
 Conjure Flame            Conj/Fire      7%           36%         3


Dungeon Overview and Level Annotations

Branches:
Dungeon (3/15)

Altars:


Innate Abilities, Weirdness & Mutations

Your experience applies equally to all skills.
You have very sharp teeth.
Your uncanny sense of smell can sniff out nearby items.


Message History

Casting: Foxfire (safe; 13% risk of failure)
Confirm with . or Enter, or press ? or * to list all spells.
You conjure some foxfire!
The foxfire hits the orc wizard.
The orc wizard is almost dead.
Your foxfire dissipates!
Casting: Foxfire (safe; 13% risk of failure)
Confirm with . or Enter, or press ? or * to list all spells.
You conjure some foxfire!
The foxfire hits the orc wizard but does no damage.
The orc wizard is almost dead.
The foxfire hits the orc wizard but does no damage.
The orc wizard is almost dead.
You hit the orc wizard.
You kill the orc wizard!
You hear some strange, mumbled words.
Deactivating autopickup; reactivate with Ctrl-A.
You are confused.
A magic dart appears from out of thin air!
The magic dart hits you.
You die...

#.. ###..# #..
####o.# #..
#...{.#
####..##.###.#
...........#.#
#.....{.#.#.#
#......o#.#.#
#.......#.#.#
#......@#.#.#
#.......#.#.#
###+#...#.# ∆
#.#...#.# ∆
#.....# ∆
#...).#
#.)...# ∆
∆#..#### ∆
#..#


You could see an orc.

Vanquished Creatures
  An orc wizard (D:3)
  A gnoll (D:1)
  6 adders (D:2)
  2 dart slugs
  An orc (D:3)
  11 bats
  A giant cockroach (D:2)
  5 goblins
  6 hobgoblins
  2 jackals (D:1)
  5 kobolds
  4 frilled lizards
  5 rats
50 creatures vanquished.

Vanquished Creatures (others)
  63 foxfires
63 creatures vanquished.

Grand Total: 113 creatures vanquished

Notes
Turn   | Place    | Note
-------+----------+-------------------------------------------
     0 | D:1      | Almogavar the Gnoll Wanderer began the quest for the Orb.
     0 | D:1      | Almogavar set off with the following items: a +2 mace, a
                  | potion of lignification, a +0 robe; and the following spell
                  | memorised: Foxfire; and the following spells available to
                  | memorise: Conjure Flame
     0 | D:1      | Reached XP level 1. HP: 17/17 MP: 4/4
   201 | D:1      | Reached XP level 2. HP: 16/23 MP: 5/5
   668 | D:1      | Reached XP level 3. HP: 25/28 MP: 2/7
  1017 | D:1      | Reached skill level 1 in Invocations
  1508 | D:2      | Reached skill level 1 in Short Blades
  1508 | D:2      | Reached skill level 1 in Long Blades
  1508 | D:2      | Reached skill level 1 in Axes
  1508 | D:2      | Reached skill level 1 in Polearms
  1508 | D:2      | Reached skill level 1 in Staves
  1508 | D:2      | Reached skill level 1 in Slings
  1508 | D:2      | Reached skill level 1 in Bows
  1508 | D:2      | Reached skill level 1 in Crossbows
  1508 | D:2      | Reached skill level 1 in Dodging
  1508 | D:2      | Reached skill level 1 in Shields
  1508 | D:2      | Reached skill level 1 in Unarmed Combat
  1508 | D:2      | Reached skill level 1 in Evocations
  1560 | D:2      | Reached XP level 4. HP: 34/34 MP: 4/8
  1948 | D:2      | Reached skill level 1 in Conjurations
  1948 | D:2      | Reached skill level 1 in Hexes
  1948 | D:2      | Reached skill level 1 in Summonings
  1948 | D:2      | Reached skill level 1 in Necromancy
  1948 | D:2      | Reached skill level 1 in Translocations
  1948 | D:2      | Reached skill level 1 in Fire Magic
  1948 | D:2      | Reached skill level 1 in Ice Magic
  1948 | D:2      | Reached skill level 1 in Air Magic
  1948 | D:2      | Reached skill level 1 in Earth Magic
  1948 | D:2      | Reached skill level 1 in Poison Magic
  2564 | D:3      | Reached XP level 5. HP: 32/40 MP: 7/9
  2663 | D:3      | HP: 2/40 [something/magic dart (4)]
  2672 | D:3      | Killed from afar by an orc wizard

Illustrated notes

Levels and vault maps discovered:
D:1:      dpeg_arrival_chambers_temple_mockup, layout_basic, minmay_pentomino_o2
D:2:      layout_basic
D:3:      layout_basic, ebering_ghost_rock_garden

Skill      XL: |  1  2  3  4 |
---------------+-------------+-----
Invocations    | 1 |  1.6
Short Blades   | 1 |  1.4
Long Blades    | 1 |  1.4
Axes           | 1 |  1.4
Polearms       | 1 |  1.4
Staves         | 1 |  1.4
Slings         | 1 |  1.4
Bows           | 1 |  1.4
Crossbows      | 1 |  1.4
Dodging        | 1 |  1.4
Shields        | 1 |  1.4
Unarmed Combat | 1 |  1.4
Evocations     | 1 |  1.4
Spellcasting   | 3 |  3.1
Conjurations   | 1 |  1.1
Hexes          | 1 |  1.1
Summonings     | 1 |  1.1
Necromancy     | 1 |  1.1
Translocations | 1 |  1.1
Fire Magic     | 1 |  1.1
Ice Magic      | 1 |  1.1
Air Magic      | 1 |  1.1
Earth Magic    | 1 |  1.1
Poison Magic   | 1 |  1.1
Fighting       | |  2.9
Maces & Flails | |  6.7
Throwing       | |  2.9
Armour         | |  2.9
Stealth        | |  2.7
Transmutations | |  3.9

Action                   |  1- 3 |  4- 6 || total
-------------------------+-------+-------++-------
Melee: Mace              |    69 |    38 ||   107
       Bite              |     3 |     2 ||     5
 Cast: Foxfire           |    16 |    22 ||    38
  Use: Scroll            |     3 |     1 ||     4
       Potion            |       |     2 ||     2
 Stab: Sleeping          |     1 |     1 ||     2
Armor: Robe              |    21 |       ||    21
       Leather armour    |     6 |    13 ||    19
Dodge: Dodged            |    52 |    38 ||    90
Block: Other             |    24 |     9 ||    33
